Match 47431324
Unlisted

Match 47431324
End
Pioneer Squad
Construct Infanterie Kompanie
Selects Italian Coastal Battlegroup
Selects Coastal Reserves
Coastal Reserve
MG 42 Machine Gun Team
Coastal Reserve
Medical Bunker
Construct Luftwaffe Kompanie
Construct Panzergrenadier Kompanie
Selects Artillery Officer
251 Medium Carrier
Coastal Reserve
Support Elements
Nebelwerfer 42 Rocket Launcher Team
Artillery Officer
Selects Support Bunkers
Construct Panzer Kompanie
Pioneer Squad
Sturmpanzer IV Brummbär
Selects Designated Artillery Overwatch
MG 42 Bunker
Selects Bulwark
Anti-tank Bunker
Construct Luftwaffe Kompanie
Wirbelwind Flakpanzer
MG 42 Bunker
Sturmpanzer IV Brummbär
MG 42 Bunker
Selects Obice da 210/22 Artillery Emplacement
Repair Bunker
MG 42 Bunker
Designated Artillery Overwatch
MG 42 Bunker
MG 42 Bunker
Anti-tank Bunker
Marder III M Tank Destroyer
Marder III M Tank Destroyer
Designated Artillery Overwatch
Luftwaffe Officer Quarters
Designated Artillery Overwatch
Marder III M Tank Destroyer
MG 42 Bunker
Marder III M Tank Destroyer
Designated Artillery Overwatch
Marder III M Tank Destroyer
란카
Mr.Faraam
(KCC)MGfirst
찐ENDEX
【POW】游骑
风峣
Lucuze
Tharrats
0
0

Comments sign in to comment!

No comments posted yet!